 Dungeon Crawl Stone Soup version 0.31-a0-851-g7ff8af7976 (webtiles) character file.

Game seed: 903360071836607878

228000 ratmeat3 the Wrestler (level 19, -6/186 HPs)
             Began as an Octopode Fighter on Oct 7, 2023.
             Was an Initiate of Gozag.
             Killed from afar by a merfolk aquamancer (41 damage)
             ... with a torrent of water
             ... on level 4 of the Shoals.
             The game lasted 01:02:03 (29959 turns).

ratmeat3 the Wrestler (Octopode Fighter)           Turns: 29959, Time: 01:02:04

Health: -6/186     AC: 24    Str: 42    XL:     19   Next: 40%
Magic:  19/19      EV: 16    Int: 12    God:    Gozag
Gold:   7181       SH:  5    Dex: 10    Spells: 18/18 levels left

rFire   + +          +
                       - Unarmed
rCold   . . .        a - melded +5 kite shield of the Boiling Point {Regen+ Dex+4}
rNeg    + + +        (helmet currently unavailable)
rPois   +            l - amulet of Dim Light {Reflect rF+ Regen+ SH+5}
rElec   .            d - ring of Vufunen {rF+ rN++ rCorr AC+4}
rCorr   +            X - ring of willpower
SInv    .            D - ring of protection from cold
Will    ++...        v - +5 ring of evasion
Stlth   ++           N - ring "Horghuve" {rF+ AC+4 Str+3 Int+2 Stlth-}
HPRegen 1.31/turn    z - ring "Rogog" {Fly rPois rN+ Str+2}
MPRegen 0.16/turn    L - ring of Balance {AC+4 Str+6 Dex-4 Slay+2}
                     S - +4 ring of slaying

%: reflection
@: dragon-form, spiked, gold aura, flying
A: dragon claw, dragon scales, breathe fire, flying, boosted hp, almost no
armour, amphibious, 8 rings, giant, (camouflage 1), (gelatinous body 1), (nimble
swimmer 1), (tentacles), (iridescent scales 1), mutation resistance 1, (shaggy
fur 1)
}: 1/15 runes: gossamer
a: Breathe Fire, Begin Untransformation, Renounce Religion, Potion Petition,
Call Merchant, Bribe Branch


You were on level 4 of the Shoals.
You worshipped Gozag.
Gozag was greatly pleased with you.
You were a fearsome dragon!
You visited 6 branches of the dungeon, and saw 31 of its levels.
You also visited: Trove and Ice Cave.

You collected 13284 gold pieces.
You spent 1805 gold pieces at shops.
You paid 4298 gold pieces to Gozag.

Inventory:

Missiles
 s - 5 curare-tipped darts
 t - 14 silver javelins
Armour
 a - the +5 kite shield of the Boiling Point (melded) {Regen+ Dex+4}
   (You acquired it on level 2 of the Shoals)

   Dex+4:     It affects your dexterity (+4).
   Regen+:    It increases your rate of health regeneration.
 F - a +2 hat of stealth
Jewellery
 d - the ring of Vufunen (left foreclaw) {rF+ rN++ rCorr AC+4}
   (You found it on level 4 of the Spider Nest)

   [ring of protection]

   AC+4:      It affects your AC (+4).
   rF+:       It protects you from fire.
   rN++:      It greatly protects you from negative energy.
   rCorr:     It protects you from acid and corrosion.
 i - a ring of the Octopus King {HP+2 MP+9 AC+2 EV+2 SH+2}
   (You found it on level 4 of the Shoals)

   [ring of magical power]

   AC+2:      It affects your AC (+2).
   EV+2:      It affects your evasion (+2).
   HP+2:      It affects your health (+2).
   MP+9:      It affects your magic capacity (+9).
   SH+2:      It affects your SH (+2).
 l - the amulet of Dim Light (around neck) {Reflect rF+ Regen+ SH+5}
   (You acquired it on level 9 of the Dungeon)

   [amulet of reflection]

   Reflect:   It reflects blocked missile attacks.
   rF+:       It protects you from fire.
   Regen+:    It increases your rate of health regeneration.
   SH+5:      It affects your SH (+5).
 q - a ring of see invisible
 v - a +5 ring of evasion (on tentacle)
 y - a ring of magical power
 z - the ring "Rogog" (on tentacle) {Fly rPois rN+ Str+2}
   (You acquired it on level 9 of the Dungeon)

   [ring of poison resistance]

   Str+2:     It affects your strength (+2).
   rPois:     It protects you from poison rN+: It protects you from negative
   energy.
   Fly:       It grants you flight.
 D - a ring of protection from cold (on tentacle)
 G - a ring of ice
 L - the ring of Balance (on tentacle) {AC+4 Str+6 Dex-4 Slay+2}
   (You bought it in a shop on level 12 of the Dungeon)

   [ring of protection]

   AC+4:      It affects your AC (+4).
   Str+6:     It affects your strength (+6).
   Dex-4:     It affects your dexterity (-4).
   Slay+2:    It affects your accuracy & damage with ranged weapons and melee
   (+2).
 N - the ring "Horghuve" (on tentacle) {rF+ AC+4 Str+3 Int+2 Stlth-}
   (You found it on level 4 of the Shoals)

   [ring of protection]

   AC+4:      It affects your AC (+4).
   Str+3:     It affects your strength (+3).
   Int+2:     It affects your intelligence (+2).
   rF+:       It protects you from fire.
   Stlth-:    It makes you less stealthy.
 R - a +6 ring of dexterity
 S - a +4 ring of slaying (on tentacle)
 T - a ring of protection from fire
 X - a ring of willpower (right foreclaw)
Talismans
 m - a granite talisman
 M - a dragon-blood talisman (active)
Wands
 f - a wand of digging (2)
 w - a wand of paralysis (18)
 B - a wand of roots (24)
 C - a wand of polymorph (9)
Scrolls
 c - 8 scrolls of identify
 h - a scroll of silence
 k - 8 scrolls of immolation
 o - 7 scrolls of teleportation
 A - a scroll of enchant weapon
 E - 4 scrolls of amnesia
 J - 2 scrolls of blinking
 K - 2 scrolls of enchant armour
 P - 4 scrolls of fear
 U - 3 scrolls of fog
 V - 3 scrolls of revelation
 Y - 2 scrolls of vulnerability
Potions
 b - 4 potions of might
 e - 8 potions of brilliance
 g - 8 potions of heal wounds
 j - 13 potions of curing
 n - 3 potions of resistance
 p - 6 potions of mutation
 r - 5 potions of magic
 u - 2 potions of invisibility
 x - 6 potions of lignification
 H - 5 potions of enlightenment
 I - a potion of ambrosia
 O - 4 potions of haste
 Q - 8 potions of attraction
 W - a potion of berserk rage
Miscellaneous
 Z - a phial of floods


   Skills:
 * Level 9.4 Fighting
 + Level 12.8 Dodging
 - Level 5.0 Stealth
 + Level 11.1 Shields
 + Level 23.3 Unarmed Combat
 * Level 16.2 Shapeshifting


You had 18 spell levels left.
You didn't know any spells.
Your spell library contained the following spells:

 Spells                   Type           Power      Damage    Failure   Level
 Magic Dart               Conj           0%         1d3       32%         1
 Summon Small Mammal      Summ           0%         N/A       32%         1
 Call Imp                 Summ           0%         N/A       45%         2
 Cigotuvi's Dreadful Rot  Necr/Pois/Air  0%         N/A       45%         2
 Ensorcelled Hibernation  Hex/Ice        0%         N/A       45%         2
 Poisonous Vapours        Pois/Air       0%         N/A       45%         2
 Scorch                   Fire           0%         2d5       45%         2
 Static Discharge         Conj/Air       0%         2-2/arc   45%         2
 Call Canine Familiar     Summ           0%         N/A       69%         3
 Confusing Touch          Hex            0%         N/A       69%         3
 Dazzling Flash           Conj/Hex       0%         N/A       69%         3
 Inner Flame              Hex/Fire       0%         N/A       69%         3
 Mephitic Cloud           Conj/Pois/Air  0%         N/A       69%         3
 Summon Guardian Golem    Hex/Summ       0%         N/A       69%         3
 Tukima's Dance           Hex            0%         N/A       69%         3
 Flame Wave               Conj/Fire      0%         2d4       97%         4
 Iskenderun's Mystic Bla  Conj/Tloc      0%         2d3       97%         4
 Passage of Golubria      Tloc           0%         N/A       97%         4
 Vhi's Electric Charge    Tloc/Air       0%         N/A       97%         4
 Agony                    Necr           0%         N/A       100%        5
 Arcjolt                  Conj/Air       0%         1d10      100%        5
 Freezing Cloud           Conj/Ice/Air   0%         6-21      100%        5
 Iskenderun's Battlesphe  Conj           0%         2d6       100%        5
 Silence                  Hex/Air        0%         N/A       100%        5
 Summon Forest            Summ/Tloc      0%         N/A       100%        5
 Summon Mana Viper        Hex/Summ       0%         N/A       100%        5
 Yara's Violent Unravell  Hex/Tmut       0%         3d3       100%        5
 Bombard                  Conj/Erth      0%         9d1       100%        6
 Plasma Beam              Fire/Air       0%         2x1d10    100%        6
 Starburst                Conj/Fire      0%         6d3       100%        6
 Summon Cactus Giant      Summ           0%         N/A       100%        6
 Enfeeble                 Hex            0%         N/A       100%        7
 Orb of Destruction       Conj           0%         9d5       100%        7
 Ozocubu's Refrigeration  Ice            0%         4d7       100%        7
 Spellforged Servitor     Conj/Summ      0%         N/A       100%        7
 Polar Vortex             Ice            0%         N/A       100%        9
 Simulacrum               Ice/Necr       Unusable   N/A       N/A         6

Dungeon Overview and Level Annotations

Branches:
Dungeon (15/15)            Temple (1/1) D:4            Lair (5/5) D:11
 Shoals (4/4) Lair:2       Spider (4/4) Lair:3        Slime (0/5) Lair:5
    Orc (2/2) D:12            Elf (0/3) Orc:2        Vaults (0/5) D:13
 Depths (0/4) D:15          IceCv (visited)

Altars:
Ashenzari
Cheibriados
Dithmenos
Elyvilon
Fedhas
Gozag
Hepliaklqana
Kikubaaqudgha
Makhleb
Nemelex Xobeh
Okawaru
Qazlal
Ru
Sif Muna
Trog
Uskayaw
Vehumet
Wu Jian
Xom
Yredelemnul
Zin
The Shining One
Jiyva
Lugonu

Shops:
D:3 (   D:8 *   D:10 [   D:12 =   D:13 !   D:14 =   Orc:1 =   Orc:2 :(!*
Lair:5 :*   Shoals:2 (

Portals:
Abyss: Lair:5

Annotations:
D:11 3 runed translucent doors, pop123321pop's ghost, journeyman TeBe


Innate Abilities, Weirdness & Mutations

You are a fearsome dragon!
You have a powerful clawing attack.
Your giant scaled body is strong and resilient, but less evasive.
You can breathe fire.
You are flying.
Your maximum health is greatly increased.
Your armour is entirely melded.
You are incapable of wielding weapons or throwing items.
You cannot wear most types of armour.
You are amphibious.
You can wear up to eight rings at the same time.
((Your skin changes colour to match your surroundings (Stealth+).))
((Your rubbery body absorbs attacks. (AC +1, EV +1)))
((You are camouflaged when in or above water. (Stealth+)))
((You have tentacles for arms and can constrict up to eight enemies at once.))
((You are partially covered in iridescent scales. (AC +2)))
You are somewhat resistant to further mutation.
((You are covered in fur. (AC +1)))


Message History

* * * LOW HITPOINT WARNING * * *
The wave splashes down.
You hear a shout! x3
The manticore flicks its tail.
The volley of spikes hits you!
The barbed spikes become lodged in your body.
* * * LOW HITPOINT WARNING * * *
Okay, then.
The merfolk javelineer throws a javelin.
The javelin pierces through you!
* * * LOW HITPOINT WARNING * * *
You feel better.
The merfolk aquamancer points at you and mumbles some strange words.
The shard of ice misses you.
The merfolk javelineer throws a javelin.
The javelin pierces through you!
* * * LOW HITPOINT WARNING * * *
You maul the manticore!!!
You kill the manticore!
You feel better.
The merfolk javelineer throws a javelin.
The javelin pierces through you but does no damage.
The merfolk aquamancer points at you and mumbles some strange words.
The ball of steam hits you. You resist.
* * * LOW HITPOINT WARNING * * *
The barbed spikes dig painfully into your body as you move.
* * * LOW HITPOINT WARNING * * *
The merfolk shouts!
The merfolk javelineer throws a javelin.
The javelin misses you.
The merfolk aquamancer is engulfed in a cloud of scalding steam.
You barely miss the merfolk aquamancer. You claw the merfolk aquamancer!!
Your bite misses the merfolk aquamancer.
The merfolk aquamancer is heavily wounded.
You closely miss the merfolk aquamancer.
The merfolk aquamancer is heavily wounded.
The merfolk aquamancer casts a spell at you.
The torrent of water hits you!!!
You die...
Your body crumbles into a pile of gold.

≈≈≈≈≈≈≈≈≈≈≈~~.# #..~≈≈~~)).......
≈≈≈≈≈≈≈≈≈≈≈~~..##.~~~~~...######.
≈≈≈≈≈≈≈≈≈≈≈~~~...~~......##~....#
≈≈≈≈≈≈≈≈≈≈≈~~~~~~~~.##..##~....#.
≈≈≈≈≈≈≈≈≈≈≈≈~~~~~..###..#≈..#≈.~#
≈≈≈≈≈≈≈≈≈≈≈≈≈~~~~.## ##.#≈.≈≈≈≈~.
≈≈≈≈≈≈≈≈≈≈≈≈≈≈≈~~..######≈.≈##≈≈.
≈≈≈≈≈≈≈≈≈≈≈≈≈≈~~§§..##..#≈%.≈#≈#.
≈≈≈≈≈≈≈≈≈≈≈≈≈~~mD$~....~#≈#..≈≈..
≈≈≈≈≈~~.....~~..~.~~~~~~##≈#....~
≈≈≈≈~~.).......m..~~~~~~~##≈≈≈≈≈#
≈≈≈~~.............~~~~~...#######
≈≈~~~.....)..$~~.~~~~...#........
≈≈~~~.........~~~...~.#####.#####
≈≈~~~......m.~~~~.....# ### .
≈≈~~.......######.###.## .
≈≈~.......#.──.~### #..#### .


You could see a merfolk javelineer, a merfolk aquamancer and a merfolk.

Vanquished Creatures
  Jorgrun (Shoals:2)
  An Ice Fiend (IceCv)
  2 krakens
  Frances (Spider:2)
  Polyphemus (Shoals:3)
  The ghost of Movesim the Warrior, an adept DjAE of Hepliaklqana (Spider:4)
  Donald (Orc:2)
  Aizul (Spider:2)
  Roxanne (D:14)
  8 emperor scorpions (Spider:4)
  2 ghost moths (Spider:4)
  Louise (Spider:2)
  2 orc warlords (Orc:1)
  An ironbound preserver (D:13)
  2 broodmothers
  A spark wasp (Spider:4)
  2 merfolk javelineers (Shoals:4)
  An ettin (Orc:1)
  8 merfolk impalers
  A fire dragon (D:15)
  Josephine (Orc:1)
  4 entropy weavers
  An ice dragon (D:15)
  5 hydras
  Fannar (Lair:1)
  8 boulder beetles
  2 caustic shrike simulacra (IceCv)
  2 jorogumos (Spider:4)
  4 merfolk aquamancers
  2 radroaches (Spider:4)
  6 catoblepae
  3 merfolk avatars
  An alligator snapping turtle (Shoals:4)
  4 tengu warriors
  10 centaur warriors
  3 two-headed ogres
  10 death yaks
  6 demonic crawlers
  A satyr (Shoals:3)
  An orc high priest (Orc:1)
  3 thrashing horrors (Lair:5)
  5 hell knights (D:15)
  8 skysharks
  A large abomination (Lair:5)
  2 soul eaters (D:15)
  Sonja (D:12)
  Nergalle (D:11)
  5 skeletal warriors (D:14)
  2 sixfirhies (D:15)
  A sun moth (Spider:1)
  Lodul (D:13)
  7 pharaoh ants
  8 orb spiders
  14 sea snakes
  A swamp dragon (Lair:4)
  A bog body (IceCv)
  4 obsidian statues
  2 spriggan simulacra
  2 wizards
  16 harpies
  6 steelbarb worms
  16 ugly things
  5 deep elf pyromancers
  2 orc sorcerers
  8 orc knights
  9 fauns
  17 wolf spiders
  13 manticores
  A will-o-the-wisp (Lair:4)
  6 moths of wrath
  A cyclops (D:15)
  5 elephants
  Joseph (D:10)
  2 rust devils (D:15)
  9 merfolk sirens
  4 torpor snails
  13 cane toads
  5 black mambas
  3 smoke demons
  2 gargoyles
  6 water nymphs
  4 orange demons (D:15)
  2 kobold demonologists
  7 komodo dragons
  A tengu conjurer (D:14)
  4 freezing wraiths (IceCv)
  4 rime drakes
  4 golden dragon simulacra (IceCv)
  2 ice devils
  6 trolls
  A red devil (D:15)
  30 merfolk
  An anaconda simulacrum (Shoals:4)
  2 polar bears (Lair:2)
  8 wind drakes
  5 meliai
  2 hellwings (D:15)
  An alligator simulacrum (Shoals:4)
  23 tarantellas
  3 snapping turtles
  33 blink frogs
  3 raiju (Lair:5)
  32 jumping spiders
  2 shadows
  21 culicivoras
  9 slime creatures
  11 water elementals
  4 ynoxinuls
  4 wyverns
  2 dire elephant simulacra
  19 yaks
  3 vampires (D:10)
  5 wraiths
  45 redbacks
  7 basilisks
  A chaos spawn (Lair:5)
  A minotaur simulacrum (IceCv)
  36 vampire mosquitoes
  4 wargs
  Menkaure (D:5)
  A harpy simulacrum (Shoals:4)
  2 acid dragons
  A hydra simulacrum (IceCv)
  16 water moccasins
  A swamp drake (Lair:4)
  57 orc warriors
  4 black bears
  A sky beast (D:7)
  4 ettin simulacra (IceCv)
  2 ice beasts
  5 wolves (Lair:1)
  12 ogres
  33 centaurs
  A phantom (D:7)
  4 kobold brigands
  10 bullfrogs
  4 scorpions
  2 gnoll sergeants
  2 deep troll simulacra (Shoals:4)
  A hornet simulacrum (D:15)
  18 wights
  12 killer bees
  2 lindwurm simulacra
  2 howler monkeys
  3 electric eels
  6 hounds
  20 orc priests
  The ghost of MrSquiggles the Ducker, a weakling SpWn (D:3)
  2 iguanas
  4 hell rats (Lair:4)
  26 orc wizards
  A sleepcap (D:5)
  5 small abominations (Lair:5)
  7 adders
  12 gnolls
  A shadow imp (D:8)
  2 white imps
  3 ufetubi
  3 worms
  A dart slug (D:1)
  66 orcs
  7 ball pythons
  5 endoplasms
  6 goblins
  4 hobgoblins
  2 quokkas
  4 bats (D:1)
  2 frilled lizards
  13 kobolds
  A rat (D:1)
  A butterfly (D:4)
  4 tentacles (Shoals:3)
1095 creatures vanquished.

Vanquished Creatures (others)
  A wyvern (D:7)
  2 orc wizards
  An orc (Orc:2)
  2 foxfires (Lair:4)
  6 tentacles
12 creatures vanquished.

Grand Total: 1107 creatures vanquished

Notes
Turn   | Place    | Note
-------+----------+-------------------------------------------
     0 | D:1      | ratmeat3 the Octopode Fighter began the quest for the Orb.
     0 | D:1      | Reached XP level 1. HP: 16/16 MP: 1/1
   182 | D:1      | Reached XP level 2. HP: 21/21 MP: 2/2
   630 | D:2      | Reached XP level 3. HP: 20/26 MP: 3/3
   662 | D:2      | Identified the +3 short sword of Dojacka {pain, rElec rC+}
   681 | D:2      | You fall into a shaft and drop 1 floor!
   705 | D:3      | Noticed a scorpion
   721 | D:3      | Gained mutation: You are covered in fur. (AC +1) [potion of
                  | mutation]
   721 | D:3      | Gained mutation: You are somewhat resistant to further
                  | mutation. [potion of mutation]
   721 | D:3      | Gained mutation: You are partially covered in iridescent
                  | scales. (AC +2) [potion of mutation]
   725 | D:3      | Killed a scorpion
   726 | D:3      | Reached skill level 1 in Stealth
   726 | D:3      | Reached skill level 3 in Unarmed Combat
   726 | D:3      | Reached XP level 4. HP: 29/31 MP: 4/4
   867 | D:3      | Found Ofrior's Antique Weapon Emporium.
   963 | D:3      | Found a runed translucent gate.
   964 | D:3      | Found a runed translucent gate.
   964 | D:3      | Noticed MrSquiggles's ghost (weakling SpWn)
   965 | D:3      | Found a runed translucent gate.
  1355 | D:4      | Noticed a black bear
  1364 | D:4      | Killed a black bear
  1365 | D:4      | Reached skill level 4 in Unarmed Combat
  1365 | D:4      | Reached XP level 5. HP: 23/36 MP: 5/5
  1490 | D:4      | Reached skill level 1 in Shapeshifting
  1490 | D:4      | Reached XP level 6. HP: 27/42 MP: 6/6
  1712 | D:4      | Found a staircase to the Ecumenical Temple.
  1724 | Temple   | Entered the Ecumenical Temple
  1742 | Temple   | Became a worshipper of Gozag Ym Sagoz the Greedy
  1766 | D:4      | Found a hide-covered altar of Uskayaw.
  2172 | D:4      | Reached skill level 5 in Unarmed Combat
  2175 | D:4      | Reached XP level 7. HP: 25/46 MP: 7/7
  2554 | D:3      | Killed MrSquiggles's ghost
  2653 | D:5      | Entered Level 5 of the Dungeon
  2660 | D:5      | Noticed Menkaure
  2668 | D:5      | Killed Menkaure
  2678 | D:5      | Reached skill level 6 in Unarmed Combat
  2833 | D:5      | Reached XP level 8. HP: 52/52 MP: 8/8
  2884 | D:5      | HP: 1/52 [ogre/+0 giant spiked club (20)]
  3302 | D:5      | Found a sacrificial altar of Ru.
  3364 | D:6      | Reached skill level 7 in Unarmed Combat
  3667 | D:6      | Reached skill level 8 in Unarmed Combat
  4327 | D:7      | Noticed a wyvern
  4333 | D:7      | Killed a wyvern
  4334 | D:7      | Reached XP level 9. HP: 20/58 MP: 9/9
  4584 | D:6      | Reached skill level 9 in Unarmed Combat
  5007 | D:7      | Found a snail-covered altar of Cheibriados.
  5230 | D:7      | Reached skill level 5 in Dodging
  5413 | D:7      | Found a glowing golden altar of the Shining One.
  5475 | D:8      | Found an iron altar of Okawaru.
  5504 | D:7      | Reached skill level 10 in Unarmed Combat
  5733 | D:8      | Bought a scroll labelled ZUYMORALEFF for 27 gold pieces
  5733 | D:8      | Bought a clear potion for 24 gold pieces
  5820 | D:8      | Reached XP level 10. HP: 64/64 MP: 10/10
  6052 | D:8      | Reached skill level 5 in Stealth
  6079 | D:8      | Found an ornate altar of the Wu Jian Council.
  6092 | D:8      | Reached skill level 11 in Unarmed Combat
  6397 | D:8      | Found a radiant altar of Vehumet.
  6535 | D:8      | Found a hazy altar of Hepliaklqana.
  6566 | D:9      | Reached skill level 5 in Shapeshifting
  6614 | D:9      | Identified a scroll of acquirement
  6614 | D:9      | Acquired the ring "Rogog" {Fly rPois rN+ Str+2}
  6703 | D:9      | Acquired the amulet of Dim Light {Reflect rF+ Regen+ SH+5}
  7283 | D:10     | Entered Level 10 of the Dungeon
  7320 | D:10     | Reached skill level 12 in Unarmed Combat
  7376 | D:10     | Noticed Joseph
  7383 | D:10     | Killed Joseph
  7418 | D:10     | Found an ancient bone altar of Kikubaaqudgha.
  7431 | D:10     | Reached skill level 5 in Shields
  7665 | D:10     | Reached XP level 11. HP: 49/70 MP: 11/11
  7684 | D:10     | Identified the +6 chain mail of Uggayn {+Inv Str+3 Int-4}
  7715 | D:10     | Noticed a two-headed ogre
  7721 | D:10     | Reached skill level 13 in Unarmed Combat
  7733 | D:10     | Killed a two-headed ogre
  7805 | D:10     | Found a shimmering blue altar of Sif Muna.
  7936 | D:11     | Noticed a two-headed ogre
  7942 | D:11     | Killed a two-headed ogre
  7979 | D:11     | Found a staircase to the Lair.
  8125 | D:11     | Reached skill level 14 in Unarmed Combat
  8128 | D:11     | Noticed Nergalle
  8141 | D:11     | Killed Nergalle
  8238 | D:11     | Reached skill level 5 in Fighting
  8507 | D:11     | Reached XP level 12. HP: 64/77 MP: 12/12
  8656 | D:11     | Found a runed translucent gate.
  8656 | D:11     | Found a runed translucent gate.
  8656 | D:11     | Found a runed translucent gate.
  8662 | D:11     | Noticed pop123321pop's ghost (journeyman TeBe)
  8835 | D:12     | Found a staircase to the Orcish Mines.
  9232 | D:12     | Found a portal to a secret trove of treasure.
  9462 | D:12     | Noticed Sonja
  9464 | D:12     | Killed Sonja
  9700 | D:12     | Reached skill level 15 in Unarmed Combat
  9946 | Orc:1    | Entered Level 1 of the Orcish Mines
 10096 | Orc:1    | Found Wiuteubo's Jewellery Shoppe.
 10109 | Orc:1    | Noticed Josephine
 10120 | Orc:1    | Killed Josephine
 10334 | Orc:1    | Noticed an orc warlord
 10347 | Orc:1    | Killed an orc warlord
 10449 | Orc:1    | Noticed an orc high priest
 10573 | Orc:1    | Noticed a sun demon
 10584 | Orc:1    | Noticed a soul eater
 10605 | Orc:1    | Noticed a sun demon
 10610 | Orc:1    | Killed an orc high priest
 10948 | D:12     | Bought the ring of Balance {AC+4 Str+6 Dex-4 Slay+2} for
                  | 778 gold pieces
 11099 | Orc:2    | Entered Level 2 of the Orcish Mines
 11110 | Orc:2    | Reached skill level 16 in Unarmed Combat
 11117 | Orc:2    | Noticed an ettin
 11163 | Orc:1    | Killed an ettin
 11164 | Orc:1    | Reached XP level 13. HP: 42/81 MP: 13/13
 11213 | Orc:2    | Noticed an orc warlord
 11292 | Orc:1    | Killed an orc warlord
 11468 | Orc:2    | Found Kikhoxayll's Distillery.
 11468 | Orc:2    | Found Tucsawas's Antique Weapon Shop.
 11473 | Orc:2    | Found Ytiss's Book Boutique.
 11487 | Orc:2    | Found Kixkaes's Assorted Antiques.
 11503 | Orc:2    | Noticed Donald
 11529 | Orc:2    | Killed Donald
 11648 | Orc:2    | Bought a knobbly emerald ring for 130 gold pieces
 11648 | Orc:2    | Bought a scroll labelled ODAYNA DIP MON for 26 gold pieces
 11791 | Orc:2    | Found a staircase to the Elven Halls.
 12299 | D:12     | Bought a serpent talisman for 560 gold pieces
 12356 | Orc:2    | Bought a potion of heal wounds for 65 gold pieces
 12356 | Orc:2    | Bought a potion of heal wounds for 65 gold pieces
 12356 | Orc:2    | Bought a potion of haste for 130 gold pieces
 12476 | Lair:1   | Entered Level 1 of the Lair of Beasts
 12586 | Lair:1   | Noticed Fannar
 12617 | Lair:1   | Killed Fannar
 13389 | Lair:2   | Reached skill level 17 in Unarmed Combat
 13530 | Lair:2   | Reached XP level 14. HP: 88/88 MP: 14/14
 13749 | Lair:2   | Found a staircase to the Shoals.
 14022 | Lair:3   | Found a hole to the Spider Nest.
 14362 | Lair:3   | Acquired 617 gold pieces
 15085 | Lair:4   | Reached skill level 10 in Shapeshifting
 15915 | Lair:5   | Entered Level 5 of the Lair of Beasts
 16007 | Lair:5   | Found a viscous altar of Jiyva.
 16023 | Lair:5   | Found a staircase to the Slime Pits.
 16044 | Lair:5   | Reached skill level 18 in Unarmed Combat
 16155 | Lair:5   | Got a graven book
 16358 | Lair:5   | Found a sparkling altar of Nemelex Xobeh.
 16795 | Lair:5   | Reached XP level 15. HP: 92/92 MP: 15/15
 16861 | Lair:5   | Reached skill level 10 in Dodging
 17145 | Lair:5   | Found a corrupted altar of Lugonu.
 17145 | Lair:5   | Found a one-way gate to the infinite horrors of the Abyss.
 17577 | D:13     | Found Fuoqut's Distillery.
 17621 | D:13     | Noticed Lodul
 17635 | D:13     | Killed Lodul
 17650 | D:13     | Reached skill level 19 in Unarmed Combat
 18007 | D:13     | Found a gate to the Vaults.
 18184 | D:13     | Identified the +7 hand axe "Cojel" {heavy, Fragile rCorr
                  | Int+2 Stlth+}
 18424 | D:14     | Noticed Roxanne
 18448 | D:14     | Reached skill level 10 in Shields
 18646 | D:14     | Reached XP level 16. HP: 99/99 MP: 16/16
 18673 | D:14     | Found Gupemi's Jewellery Shoppe.
 19127 | D:14     | Killed Roxanne
 19198 | D:15     | Entered Level 15 of the Dungeon
 19399 | D:15     | Reached skill level 20 in Unarmed Combat
 19513 | D:15     | Found a staircase to the Depths.
 19611 | D:15     | Identified the +8 great sword of Niugh {vamp, *Rage rElec
                  | rF+ Stlth+}
 19690 | D:15     | Found a burning altar of Makhleb.
 19884 | D:15     | Found a burning altar of Makhleb.
 19884 | D:15     | Found the +16 obsidian axe {drain, demonic, Mesm Drain Fly
                  | SInv}
 20598 | Shoals:1 | Entered Level 1 of the Shoals
 20694 | Spider:1 | Entered Level 1 of the Spider Nest
 20971 | Spider:1 | Got a gaudy book
 21443 | Spider:1 | You are sucked into a shaft and drop 1 floor!
 21453 | Spider:2 | Reached XP level 17. HP: 105/105 MP: 17/17
 22025 | Spider:2 | Noticed Louise
 22056 | Spider:2 | Killed Louise
 22057 | Spider:2 | Reached skill level 21 in Unarmed Combat
 22111 | Spider:2 | Noticed Aizul
 22125 | Spider:2 | Killed Aizul
 22183 | Spider:2 | Noticed Frances
 22191 | Spider:2 | Killed Frances
 23139 | Spider:4 | Entered Level 4 of the Spider Nest
 23313 | Spider:4 | HP: 5/124 [radroach (7)]
 24030 | Spider:4 | Reached XP level 18. HP: 109/114 MP: 0/18
 24052 | Spider:4 | Reached skill level 22 in Unarmed Combat
 24201 | Spider:4 | Got a gossamer rune of Zot
 24403 | Spider:4 | Reached skill level 15 in Shapeshifting
 24630 | Spider:4 | Found a runed translucent door.
 24630 | Spider:4 | Noticed Movesim's ghost (adept DjAE)
 24647 | Spider:4 | Killed Movesim's ghost
 24648 | Spider:4 | Identified the ring of Vufunen {rF+ rN++ rCorr AC+4}
 24668 | Spider:4 | Identified the +11 arbalest of Gitul {flame, Int+4}
 24886 | D:12     | You paid a toll of 5 potions of resistance to enter a
                  | treasure trove
 24887 | Trove    | Entered a treasure trove
 24911 | Trove    | Identified the +6 buckler "Teggih" {rPois rCorr Str+3
                  | Dex+5}
 24912 | Trove    | Identified the +0 kite shield of Nojy {rF+ Will+ rCorr
                  | SInv}
 24921 | Trove    | Identified the amulet "Lahaa" {Reflect Rampage Will+ Str+2
                  | SH+5}
 26101 | Shoals:2 | Found Fugem's Antique Weapon Emporium.
 26634 | Shoals:2 | Noticed Jorgrun
 26645 | Shoals:2 | Killed Jorgrun
 26776 | Shoals:2 | Acquired the +5 kite shield of the Boiling Point {Regen+
                  | Dex+4}
 27950 | Shoals:3 | Noticed Polyphemus
 27967 | Shoals:3 | Killed Polyphemus
 28412 | Shoals:4 | Entered Level 4 of the Shoals
 28462 | Shoals:4 | Reached XP level 19. HP: 122/122 MP: 19/19
 28558 | Shoals:4 | Found the ring of the Octopus King
 28561 | Shoals:4 | Identified a ring of the Octopus King {HP+2 MP+9 AC+2 EV+2
                  | SH+2}
 28669 | Shoals:4 | Reached skill level 23 in Unarmed Combat
 28701 | Shoals:4 | Identified the ring "Horghuve" {rF+ AC+4 Str+3 Int+2
                  | Stlth-}
 28847 | Shoals:4 | Found a frozen archway.
 28959 | IceCv    | Entered an ice cave
 29244 | IceCv    | Noticed an Ice Fiend
 29246 | IceCv    | Killed an Ice Fiend
 29736 | Shoals:4 | Got a peculiar book
 29959 | Shoals:4 | Killed from afar by a merfolk aquamancer

Illustrated notes

Levels and vault maps discovered:
D:1:      dpeg_arrival_radiant, layout_rooms
D:2:      layout_basic
D:3:      layout_basic, serial_rivers, chequers_serial_rivers_large_b,
          chequers_serial_rivers_micro_e, chequers_serial_rivers_micro_e,
          chequers_serial_rivers_micro_b, chequers_serial_rivers_large_a,
          chequers_serial_rivers_marsh, serial_shops, shop,
          gammafunk_ghost_split
D:4:      layout_basic, nicolae_uskayaw_suspiria,
          minmay_temple_entry_butterflies, lightli_minifort
D:5:      layout_rooms, mainiacjoe_overflow_surrounded_room, minivault_27,
          uniq_menkaure
D:6:      layout_layer_cave
D:7:      layout_cave_pools, tso_altar, mainiacjoe_overflow_boulevard
D:8:      layout_loops_ring, okawaru_trees_2, worldfamousw_hep_ancestral_shrine,
          general_overflow_altar, nicolae_wu_jian_wuxing_cycle, st_stairs_7
D:9:      layout_irregular_city
D:10:     layout_cave_pools, kiku_gazebo_garden_becter, led_sif_pool,
          minmay_joined_circles, uniq_joseph
D:11:     layout_irregular_city, due_lair_maze_entry_diamond,
          gammafunk_ghost_necromancy, uniq_nergalle
D:12:     layout_loops_corners, minmay_orc_entry_temple_small,
          nicolae_trove_entry_columns, minmay_increasing_density, uniq_sonja
D:13:     kennysheep_room_grid, layout_rooms, skrybe_vaults_entry_preservation,
          serial_shops, nicolae_shop_hallway_stairs, eino_jars, uniq_lodul
D:14:     layout_roguey, serial_shops, shop, small_statue_intersection,
          uniq_roxanne
D:15:     grunt_enter_depths_hoard, layout_irregular_city,
          minmay_misc_feat_tower, grunt_guarded_unrand_obsidian_axe
Temple:   nicolae_temple_hex_pool
Lair:1:   wander_river, layout_regular_city, grunt_megastairs_4, uniq_fannar
Lair:2:   layout_roguey, elwin_shoals_entry_stream
Lair:3:   layout_regular_city, nicolae_spider_entry_lesser_pyramids
Lair:4:   layout_regular_city, nicolae_lair_grove_arrangements, minivault_25,
          pond
Lair:5:   hellmonk_lair_end_abyssal_woods, layout_regular_city, slime_entry_1,
          basic_altar, wad_woods_river_01
Shoals:1: layout_shoals, nicolae_shoals_gull_way
Shoals:2: layout_shoals, serial_shops, nicolae_shop_tiny_glass, uniq_jorgrun
Shoals:3: layout_shoals, uniq_polyphemus
Shoals:4: shoals_end_hangedman, layout_shoals,
          portal_ice_cave_entry_ice_simulacra
Spider:1: layout_spider_delve, einodemon_crawler_minivault
Spider:2: layout_spider_delve, guppyfry_spider_mini_1, uniq_frances,
          uniq_louise, uniq_aizul
Spider:3: layout_spider_delve
Spider:4: grunt_spider_rune_circles, gammafunk_ghost_grave
Orc:1:    orc_temple, layout_caves, serial_shops,
          nicolae_shop_pleasant_corner_grove, uniq_josephine
Orc:2:    st_orc_rangers, layout_caves, uniq_donald

Skill      XL: |  1  2  3  4  5  6  7  8  9 10 11 12 13 14 15 16 17 18 19 |
---------------+----------------------------------------------------------+-----
Stealth        | 1 3 4 5 |  5.0
Unarmed Combat | 3 4 5 6 8 10 12 14 16 17 18 19 20 21 22 23 | 23.3
Shapeshifting  | 1 2 3 4 5 6 7 9 11 12 14 15 16 | 16.2
Dodging        | 4 5 6 7 9 10 11 12 | 12.8
Shields        | 4 5 6 7 9 10 11 | 11.1
Fighting       | 4 5 6 7 8 9 |  9.4

Action                     |  1- 3 |  4- 6 |  7- 9 | 10-12 | 13-15 | 16-18 | 19-21 || total
---------------------------+-------+-------+-------+-------+-------+-------+-------++-------
  Melee: Unarmed           |    51 |    73 |   238 |   464 |   757 |   984 |   144 ||  2711
         Constrict         |    16 |    16 |    43 |    96 |   183 |   157 |       ||   511
         Tentacles         |    12 |    20 |    55 |   112 |    31 |       |       ||   230
         Punch             |     1 |     1 |    15 |    48 |    19 |    26 |    16 ||   126
         Tailslap          |       |       |       |       |       |    35 |    22 ||    57
         Bite              |       |       |       |       |       |    27 |    17 ||    44
 Invoke: Call Merchant     |       |       |     1 |     2 |     2 |       |       ||     5
    Use: Potion            |     3 |       |       |     8 |     3 |     3 |     2 ||    19
         Scroll            |       |     4 |     6 |     9 |     5 |     4 |       ||    28
   Stab: Sleeping          |     3 |     6 |     6 |    18 |    11 |    11 |     1 ||    56
         Distracted        |       |       |       |     2 |     8 |    20 |     1 ||    31
         Petrified         |       |       |       |       |     3 |     3 |       ||     6
         Petrifying        |       |       |       |       |       |     1 |       ||     1
 Armour: Skin              |    22 |    33 |   144 |   230 |   411 |   567 |   111 ||  1518
  Dodge: Dodged            |    24 |    47 |   146 |   324 |   567 |   715 |    92 ||  1915
  Block: Buckler           |     7 |    15 |    47 |   239 |   114 |       |       ||   422
         Reflection        |       |       |       |    19 |    70 |     7 |     1 ||    97
         Other             |       |       |       |       |   140 |   187 |    20 ||   347
   Form: Beast             |     1 |       |       |       |       |       |       ||     1
         Anaconda          |       |       |       |       |     1 |     1 |       ||     2
         Dragon            |       |       |       |       |       |     2 |       ||     2
                           |       |       |       |       |       |     1 |       ||     1
         Statue            |       |       |       |       |       |     1 |       ||     1

Table legend: (Time is in decaauts)
 A = Elapsed time spent in this place.
 B = Non-inter-level travel time spent in this place.
 C = Inter-level travel time spent in this place.
 D = Time resting spent in this place.
 E = Time spent auto-exploring this place.
 F = Levels seen in this place.
 G = Mean time per level.
                   A        B        C        D        E       F      G
               +--------+--------+--------+--------+--------+-----+--------+
         Total |  29172 |  27574 |   1598 |   1521 |  18497 |  33 |  884.0 |
       Dungeon |  12996 |  12379 |    617 |    839 |   8590 |  15 |  866.4 |
        Temple |     36 |     36 |      0 |      0 |      0 |   1 |   36.0 |
          Lair |   5134 |   4450 |    684 |     88 |   3330 |   5 | 1026.8 |
        Shoals |   4044 |   4042 |      2 |    161 |   2705 |   4 | 1011.0 |
   Spider Nest |   3849 |   3770 |     79 |    274 |   2424 |   4 |  962.2 |
  Orcish Mines |   2409 |   2194 |    215 |    131 |   1097 |   2 | 1204.5 |
         Trove |    190 |    190 |      0 |     28 |      0 |   1 |  190.0 |
      Ice Cave |    510 |    510 |      0 |      0 |    351 |   1 |  510.0 |
               +--------+--------+--------+--------+--------+-----+--------+

Top non-repeatable levels by time:
    D:12: 1480 daAuts
Spider:4: 1460 daAuts
  Lair:5: 1457 daAuts
   Orc:1: 1364 daAuts
     D:6: 1340 daAuts
Shoals:2: 1143 daAuts
     D:4: 1112 daAuts
Shoals:3: 1109 daAuts
    D:15: 1084 daAuts
   Orc:2: 1044 daAuts
  Lair:2: 1034 daAuts
Spider:1: 1018 daAuts
  Lair:1: 1013 daAuts
    D:11: 1008 daAuts
Shoals:4: 968 daAuts
